 Dungeon Crawl Stone Soup version 0.16.0-17-g811c1d7 (webtiles) character file.

975 Leibowitz the Cutter (level 8, 0/75 HPs)
             Began as a Kobold Berserker on Mar 20, 2015.
             Was an Elder of Trog.
             Slain by an ice beast (2 damage)
             ... on level 5 of the Dungeon.
             The game lasted 00:27:01 (5964 turns).

Leibowitz the Cutter (Kobold Berserker)             Turns: 5964, Time: 00:27:01

Health: 0/75       AC:  7    Str: 21    XL:     8   Next: 39%
Magic:  8/8        EV: 19    Int:  5    God:    Trog [****..]
Gold:   201        SH:  0    Dex: 17    Spells: 0 memorised, 7 levels left

rFire  . . .     SeeInvis .     a - +0 short sword
rCold  . . .     Clarity  .     n - +0 leather armour
rNeg   . . .     SustAb   +     (no shield)
rPois  .         Gourm    .     i - +2 helmet
rElec  .         Spirit   .     v - +0 cloak
rCorr  .         Warding  .     (no gloves)
rMut   .         Stasis   .     (no boots)
MR     .....                    (no amulet)
Stlth  ..........               (no ring)
                                p - ring of sustain abilities

@: berserking, very quick, not resistant to hostile enchantments, extremely
unstealthy
A: carnivore 3
a: Burn Spellbooks, Berserk, Trog's Hand, Brothers in Arms, Renounce Religion


You were on level 5 of the Dungeon.
You worshipped Trog.
Trog was greatly pleased with you.
You were not hungry.

You visited 1 branch of the dungeon, and saw 5 of its levels.
You visited the Abyss 1 time.
You also visited: Sewer.

You collected 201 gold pieces.

Inventory:

Hand weapons
 a - a +0 short sword (weapon)
 b - a +0 blowgun
Missiles
 e - 30 poisoned needles
Armour
 i - a +2 helmet (worn)
 n - a +0 leather armour (worn)
 v - a +0 cloak (worn)
Jewellery
 j - an uncursed ring of ice
 p - a ring of sustain abilities (left hand)
Magical devices
 o - a wand of slowing (18)
Scrolls
 d - a scroll of blinking
 f - 3 scrolls of teleportation
 h - 3 scrolls of remove curse
 k - a scroll of identify
 m - a scroll of recharging
Potions
 l - a potion of agility
 r - 4 potions of flight
Comestibles
 c - 2 meat rations
 g - a slice of pizza
 q - a beef jerky


   Skills:
 * Level 5.4 Fighting
 * Level 6.8 Short Blades
 * Level 3.2 Armour
 * Level 6.7 Dodging
 * Level 4.2 Stealth


You had 7 spell levels left.
You didn't know any spells.

Dungeon Overview and Level Annotations

Branches:
Dungeon (5/15)             Temple (0/1) D:5

Altars:
Kikubaaqudgha
Makhleb
Ru
Xom
The Shining One

Shops:
D:5 ?

Annotations:
D:4 Dowan, Duvessa


Innate Abilities, Weirdness & Mutations

You are small and have problems with some larger weapons.
You are carnivorous and can eat meat at any time.


Message History

The ice beast barely misses you.
You closely miss the ice beast.
The ice beast is almost dead.
The ice beast hits you.
* * * LOW HITPOINT WARNING * * *
The ice beast freezes you.
* * * LOW HITPOINT WARNING * * *
Drink which item? (? for menu, Esc to quit)
Okay, then.
Use which ability? (? or * to list)
A red film seems to cover your vision as you go berserk!
You feel yourself moving faster!
You feel mighty!
You feel somewhat more hungry.
The ice beast hits you but does no damage.
You barely miss the ice beast.
The ice beast is almost dead.
You closely miss the ice beast.
The ice beast is almost dead.
The ice beast hits you.
You die...

. .. .#### ..... .....
..... #...# . ...# #...##
## .. ###..# ##....###.
#.##.Y..# #.........
#.#.@...# #.........
###.......# #.........
###.........# ##.........
............###.....##...
...>..........##....####..
.........####......## ##.
#.####.....#
##....#######. #..#
#.....# ###.####.....
..####....## #..........


You could see an ice beast.

Vanquished Creatures
  An ice beast (D:5)
  A centaur (D:5)
  2 ogres
  The ghost of Pr0man the Shooter, a weakling HEHu (D:3)
  A crimson imp (D:5)
  2 hounds
  An orc priest (D:5)
  Crazy Yiuf (D:3)
  An iguana (D:5)
  A siren (Sewer)
  A killer bee zombie (D:5)
  A merfolk avatar (Sewer)
  Robin (D:3)
  8 gnolls
  3 river rats (Sewer)
  6 adders
  4 giant mites (Sewer)
  A shadow imp (D:5)
  3 worms (D:2)
  A giant gecko (Sewer)
  3 orcs
  12 bats
  A bat zombie (D:5)
  10 giant cockroaches
  11 hobgoblins
  7 ball pythons
  6 giant newts
  20 goblins
  9 jackals
  7 kobolds
  37 rats
  A fungus (D:3)
165 creatures vanquished.

Vanquished Creatures (others)
  16 drowned souls (Sewer)
16 creatures vanquished.

Grand Total: 181 creatures vanquished

Notes
Turn   | Place    | Note
--------------------------------------------------------------
     0 | D:1      | Leibowitz, the Kobold Berserker, began the quest for the Orb.
     0 | D:1      | Reached XP level 1. HP: 14/14 MP: 1/1
    92 | D:1      | Reached XP level 2. HP: 13/19 MP: 2/2
   460 | D:1      | Acquired Trog's second power
   527 | D:1      | Reached XP level 3. HP: 14/23 MP: 3/3
  1096 | D:2      | Reached skill level 5 in Short Blades
  1096 | D:2      | Reached XP level 4. HP: 22/29 MP: 4/4
  1115 | D:2      | Reached skill level 1 in Stealth
  1383 | D:2      | Reached XP level 5. HP: 30/34 MP: 5/5
  1865 | D:3      | Noticed an ogre
  1883 | D:3      | Killed an ogre
  1883 | D:3      | Reached XP level 6. HP: 39/39 MP: 6/6
  1964 | D:3      | Found a burning altar of Makhleb.
  2131 | D:3      | Found a shimmering altar of Xom.
  2132 | D:3      | Found a shimmering altar of Xom.
  2132 | D:3      | Found a shimmering altar of Xom.
  2132 | D:3      | Found a shimmering altar of Xom.
  2133 | D:3      | Found a shimmering altar of Xom.
  2133 | D:3      | Found a shimmering altar of Xom.
  2133 | D:3      | Found a shimmering altar of Xom.
  2141 | D:3      | Found a shimmering altar of Xom.
  2147 | D:3      | Noticed Pr0man's ghost (weakling HEHu)
  2160 | D:3      | Killed Pr0man's ghost
  2260 | D:3      | Found a glowing golden altar of the Shining One.
  2344 | D:3      | Found a glowing drain.
  2349 | Sewer    | Entered a sewer
  2813 | Sewer    | Acquired Trog's third power
  2945 | Sewer    | Reached XP level 7. HP: 36/44 MP: 7/7
  3077 | Sewer    | Noticed a drowned soul
  3079 | Sewer    | Noticed a drowned soul
  3080 | Sewer    | Killed a drowned soul
  3081 | Sewer    | Noticed a drowned soul
  3081 | Sewer    | Noticed a drowned soul
  3082 | Sewer    | Noticed a drowned soul
  3082 | Sewer    | Noticed a drowned soul
  3083 | Sewer    | Killed a drowned soul
  3084 | Sewer    | Noticed a drowned soul
  3085 | Sewer    | Killed a drowned soul
  3086 | Sewer    | Noticed a drowned soul
  3086 | Sewer    | Noticed a drowned soul
  3087 | Sewer    | Noticed a drowned soul
  3087 | Sewer    | Noticed a drowned soul
  3089 | Sewer    | Noticed a drowned soul
  3089 | Sewer    | Reached skill level 5 in Fighting
  3091 | Sewer    | Killed a drowned soul
  3092 | Sewer    | Killed a drowned soul
  3092 | Sewer    | Killed a drowned soul
  3092 | Sewer    | Killed a drowned soul
  3093 | Sewer    | Killed a drowned soul
  3094 | Sewer    | Noticed a drowned soul
  3094 | Sewer    | Noticed a drowned soul
  3097 | Sewer    | Killed a drowned soul
  3098 | Sewer    | Noticed a drowned soul
  3098 | Sewer    | Killed a drowned soul
  3100 | Sewer    | Noticed a drowned soul
  3101 | Sewer    | Noticed a drowned soul
  3102 | Sewer    | Noticed a drowned soul
  3103 | Sewer    | Noticed a drowned soul
  3103 | Sewer    | Killed a drowned soul
  3106 | Sewer    | Noticed a drowned soul
  3106 | Sewer    | Killed a drowned soul
  3106 | Sewer    | Killed a drowned soul
  3107 | Sewer    | Killed a drowned soul
  3110 | Sewer    | Killed a drowned soul
  3111 | Sewer    | Reached skill level 6 in Short Blades
  3111 | Sewer    | Killed a drowned soul
  3862 | D:3      | Noticed Robin
  3912 | D:3      | Cast into the Abyss (Robin)
  3920 | D:3      | Escaped the Abyss
  4189 | D:3      | Found an ancient bone altar of Kikubaaqudgha.
  4201 | D:3      | Found a sacrificial altar of Ru.
  4309 | D:3      | Killed Robin
  4577 | D:3      | Noticed Crazy Yiuf
  4592 | D:3      | Killed Crazy Yiuf
  4592 | D:3      | Reached skill level 5 in Dodging
  5097 | D:4      | Noticed Dowan
  5098 | D:4      | Noticed Duvessa
  5100 | D:5      | Entered Level 5 of the Dungeon
  5150 | D:5      | Found Ywnionu's Magic Scroll Boutique.
  5362 | D:5      | Reached XP level 8. HP: 34/49 MP: 8/8
  5556 | D:5      | Found a staircase to the Ecumenical Temple.
  5961 | D:5      | HP: 1/50 [ice beast (6)]
  5964 | D:5      | Slain by an ice beast

Action                   |  1- 3 |  4- 6 |  7- 9 || total
-------------------------+-------+-------+-------++-------
Melee: Short sword       |    99 |   188 |   256 ||   543
 Fire: Blowgun           |       |     6 |    15 ||    21
Invok: Berserk           |     1 |     1 |     2 ||     4
  Use: Scroll            |       |     3 |     8 ||    11
       Potion            |       |       |     3 ||     3
 Stab: Sleeping          |     2 |     1 |     4 ||     7
       Distracted        |       |     1 |       ||     1
  Eat: Chunk             |     2 |    12 |     8 ||    22
